 Dungeon Crawl Stone Soup version 0.20.1-1-g8b1a95d (webtiles) character file.

4213 manon the Grappler (level 10, -17/77 HPs)
             Began as a Demonspawn Fighter on Sept 6, 2017.
             Was a Priest of Cheibriados.
             Demolished by a freezing wraith (19 damage)
             ... led by a death knight
             ... on level 7 of the Dungeon on Sept 7, 2017.
             The game lasted 00:39:33 (5851 turns).

manon the Grappler (Demonspawn Fighter)             Turns: 5851, Time: 00:39:34

Health: -17/77     AC:  8    Str: 28    XL:     10   Next: 9%
Magic:  13/16      EV: 10    Int: 18    God:    Cheibriados [***...]
Gold:   154        SH: 12    Dex: 19    Spells: 9/9 levels left

rFire    . . .     SeeInvis .     - Unarmed
rCold    . . .     Gourm    .   K - +0 shield
rNeg     . . .     Faith    .   a - +0 scale mail
rPois    +         Spirit   .   (helmet restricted)
rElec    .         Reflect  .   (no cloak)
rCorr    .         Harm     .   (no gloves)
MR       .....                  (no boots)
Stlth    ..........             (no amulet)
Regen    0.3/turn               u - ring of poison resistance
MPRegen  0.2/turn               o - +2 ring of protection

@: about to teleport, slowed, very slow
A: antennae 1, repulsion field 1, foul stench 1, powered by death 2, robust 1,
strong 1, rot immunity
a: Bend Time, Temporal Distortion, Renounce Religion


You were on level 7 of the Dungeon.
You worshipped Cheibriados.
Cheibriados was most pleased with you.
You were very hungry.

You visited 1 branch of the dungeon, and saw 7 of its levels.

You collected 231 gold pieces.
You spent 77 gold pieces at shops.

Inventory:

Hand Weapons
 b - a +4 hunting sling
 i - a +0 hunting sling
Missiles
 m - 9 javelins (quivered)
 A - 7 steel tomahawks
 C - 44 bolts
 F - 106 sling bullets
Armour
 a - a +0 scale mail (worn)
 n - a +0 helmet of see invisible
 K - a +0 shield (worn)
Jewellery
 o - a +2 ring of protection (right hand)
 p - an uncursed ring of loudness
 u - a ring of poison resistance (left hand)
 I - a -2 ring of slaying
Wands
 t - a wand of scattershot (0/9)
 B - a wand of acid (6/15)
 H - a wand of lightning (0/15)
 J - a wand of clouds (0/9)
Scrolls
 c - 2 scrolls of magic mapping
 f - 3 scrolls of teleportation
 h - 2 scrolls of immolation
 k - 3 scrolls of recharging
 r - 3 scrolls of enchant armour {unknown}
 v - a scroll of identify
 w - 2 scrolls of remove curse
 x - 2 scrolls of amnesia {unknown}
 y - 2 scrolls of blinking {unknown}
 D - a scroll of noise {unknown}
Potions
 e - a potion of curing {unknown}
 l - 2 potions of magic
 q - a potion of experience {unknown}
 s - a potion of mutation
 z - a potion of agility {unknown}
 G - a potion of invisibility {unknown}
Comestibles
 d - 4 bread rations
 g - 6 meat rations
 j - 2 fruits
 E - 3 royal jellies


   Skills:
 - Level 3.0 Fighting
 - Level 2.6 Armour
 + Level 6.5 Shields
 * Level 10.5 Unarmed Combat
 + Level 8.5 Invocations


You had 9 spell levels left.
You didn't know any spells.

Dungeon Overview and Level Annotations

Branches:
Dungeon (7/15)             Temple (0/1) D:4

Altars:
Cheibriados
Dithmenos
Kikubaaqudgha
Sif Muna

Shops:
D:5 *

Annotations:
D:2 1 runed door
D:4 Chisa's ghost, amateur HOFi


Innate Abilities, Weirdness & Mutations

You have a pair of small antennae on your head.
You are surrounded by a mild repulsion field. (EV +2)
You may emit foul miasma when damaged in melee.
You regenerate health from kills.
You are immune to rotting.
You are robust. (+10% HP)
Your muscles are strong. (Str +2)


Message History

The wraith hits you.
As you read the scroll of teleportation, it crumbles to dust.
You feel strangely unstable.
The death knight's dark mirror aura disappears.
The wraith hits you. The wraith drains your vigour!
You feel yourself slow down.
The death knight hits you from afar with a halberd of protection!
* * * LOW HITPOINT WARNING * * *
The freezing wraith hits you.
* * * LOW HITPOINT WARNING * * *
The freezing wraith freezes you!
* * * LOW HITPOINT WARNING * * *
The freezing wraith hits you but does no damage.
Okay, then.
It was a potion of mutation.
You feel extremely strange.
You feel robust.
You feel stronger. You block the wraith's attack. The freezing wraith hits you.
* * * LOW HITPOINT WARNING * * *
The freezing wraith freezes you!!
You die...

....# #..** ###...###.# **,,* *
....# #.#* ##...#..# **,* * ....#
#.# #.....#* *,* * ...#####.###
*##)#### *,* ** ...###.....##
##,#.#,##*****,***,
...##.......###.##.##.#*,,,*,,+,,
...#)..###...#,#..#..#,*,,,+,,**,
...#..## ##..###.##..###,,,*,,+,,
#..'..# #..'p.@.8....+,,,*****,
...#..#* ##..###WW##.###,,,*,,+,,
#..#...###...#,#..#..#,*,,,+,,**,
#..##.......###.##W##.**,,,*,,+,,
#..###.....## ##,#.#,#******,***,
...#####.### ####'#### *,* **
....# #.# ##.#.#.#.## *,* * ..#.#
#.#* #.........# **,* * ..#.#
#..** ##.#.#.#.## **,,* *


You could see a death knight, a freezing wraith and 2 wraiths.

Vanquished Creatures
  Joseph (D:7)
  A gargoyle (D:7)
  A troll (D:7)
  Prince Ribbit (D:5)
  Sigmund (D:2)
  A vampire (D:7)
  A yak (D:7)
  Eustachio (D:6)
  A hungry ghost (D:7)
  2 black bears (D:6)
  3 orc warriors
  A hornet zombie (D:7)
  An ice beast (D:7)
  2 sky beasts (D:6)
  A necrophage (D:5)
  3 ogres
  2 centaurs
  Blork the orc (D:5)
  2 bullfrogs (D:7)
  A scorpion (D:4)
  A wight (D:7)
  2 vampire bats (D:5)
  2 howler monkeys
  3 crimson imps
  A bullfrog zombie (D:7)
  2 jellies
  2 hounds
  3 orc wizards
  An orc priest (D:7)
  A bullfrog skeleton (D:5)
  Terence (D:2)
  3 worker ants
  An iguana (D:7)
  2 hound skeletons (D:5)
  A worker ant zombie (D:5)
  7 gnolls
  5 adders
  2 shadow imps (D:5)
  An ooze (D:6)
  An adder zombie (D:6)
  2 adder skeletons (D:4)
  2 worms
  3 dart slugs
  6 leopard geckos
  21 orcs
  2 ball pythons
  3 bat skeletons (D:5)
  2 bat zombies (D:5)
  3 giant cockroaches
  9 goblins
  12 hobgoblins
  7 jackals
  8 kobolds
  4 quokkas
  6 bats
  5 frilled lizards
  7 rats
172 creatures vanquished.

Notes
Turn   | Place    | Note
-------+----------+-------------------------------------------
     0 | D:1      | manon the Demonspawn Fighter began the quest for the Orb.
     0 | D:1      | Reached XP level 1. HP: 18/18 MP: 1/1
    69 | D:1      | Reached skill level 2 in Unarmed Combat
   252 | D:1      | Gained mutation: You are surrounded by a mild repulsion field. (EV +2) [demonic ancestry]
   252 | D:1      | Reached XP level 2. HP: 22/24 MP: 2/2
   389 | D:1      | Reached skill level 3 in Unarmed Combat
   681 | D:1      | Gained mutation: You are immune to rotting. [demonic ancestry]
   681 | D:1      | Reached XP level 3. HP: 22/29 MP: 3/3
  1185 | D:2      | Noticed Sigmund
  1196 | D:2      | Killed Sigmund
  1196 | D:2      | Reached skill level 5 in Unarmed Combat
  1196 | D:2      | Gained mutation: You regenerate a little health from kills. [demonic ancestry]
  1196 | D:2      | Reached XP level 4. HP: 31/35 MP: 4/4
  1196 | D:2      | Reached XP level 5. HP: 36/41 MP: 5/5
  1433 | D:2      | Found a runed door.
  1603 | D:2      | Noticed Terence
  1621 | D:2      | Killed Terence
  1894 | D:3      | Gained mutation: You regenerate health from kills. [demonic ancestry]
  1894 | D:3      | Reached XP level 6. HP: 44/47 MP: 6/6
  2297 | D:3      | Found a deep blue altar of Sif Muna.
  2297 | D:3      | Found a snail-covered altar of Cheibriados.
  2304 | D:3      | Became a worshipper of Cheibriados the Contemplative
  2366 | D:3      | Found a shadowy altar of Dithmenos.
  2457 | D:3      | Reached skill level 6 in Unarmed Combat
  2655 | D:4      | Noticed Chisa's ghost (amateur HOFi)
  2727 | D:4      | Reached skill level 1 in Invocations
  3194 | D:4      | Found a staircase to the Ecumenical Temple.
  3244 | D:5      | Entered Level 5 of the Dungeon
  3247 | D:5      | Noticed Blork the orc
  3263 | D:5      | Killed Blork the orc
  3263 | D:5      | Reached XP level 7. HP: 32/52 MP: 8/8
  3416 | D:5      | Reached * piety under Cheibriados
  3551 | D:5      | Found Ajibb's General Store.
  3560 | D:5      | Bought a scroll of identify for 22 gold pieces
  3560 | D:5      | Bought a potion of heal wounds for 55 gold pieces
  3749 | D:5      | Reached skill level 7 in Unarmed Combat
  4065 | D:5      | Reached XP level 8. HP: 55/58 MP: 11/11
  4154 | D:5      | Noticed Prince Ribbit
  4168 | D:5      | Killed Prince Ribbit
  4168 | D:5      | Reached skill level 5 in Invocations
  4501 | D:5      | Reached ** piety under Cheibriados
  4565 | D:5      | Found an ancient bone altar of Kikubaaqudgha.
  4628 | D:6      | Noticed Eustachio
  4635 | D:6      | Reached skill level 8 in Unarmed Combat
  4952 | D:6      | Reached skill level 5 in Shields
  5039 | D:6      | Reached *** piety under Cheibriados
  5143 | D:6      | Gained mutation: You have a pair of small antennae on your head. [demonic ancestry]
  5143 | D:6      | Reached XP level 9. HP: 41/63 MP: 13/13
  5153 | D:6      | Reached skill level 9 in Unarmed Combat
  5229 | D:6      | Killed Eustachio
  5546 | D:7      | Found a sand-covered staircase.
  5658 | D:7      | Noticed a troll
  5660 | D:7      | Noticed a gargoyle
  5670 | D:7      | Killed a gargoyle
  5676 | D:7      | Reached skill level 10 in Unarmed Combat
  5677 | D:7      | Killed a troll
  5690 | D:7      | Reached **** piety under Cheibriados
  5698 | D:7      | Noticed Joseph
  5716 | D:7      | Killed Joseph
  5716 | D:7      | Gained mutation: You may emit foul miasma when damaged in melee. [demonic ancestry]
  5716 | D:7      | Reached XP level 10. HP: 32/70 MP: 12/16
  5845 | D:7      | Noticed a death knight
  5851 | D:7      | Gained mutation: You are robust. (+10% HP) [potion of mutation]
  5851 | D:7      | Gained mutation: Your muscles are strong. (Str +2) [potion of mutation]
  5851 | D:7      | HP: 2/77 [freezing wraith[a death knight] (6)]
  5851 | D:7      | Demolished by a freezing wraith

Skill      XL: |  1  2  3  4  5  6  7  8  9 |
---------------+----------------------------+-----
Unarmed Combat | 2 3 5 6 7 8 10 | 10.5
Invocations    | 2 4 6 8 |  8.5
Shields        | 3 4 5 6 |  6.5
Fighting       | |  3.0
Armour         | |  2.6

Action                   |  1- 3 |  4- 6 |  7- 9 | 10-12 || total
-------------------------+-------+-------+-------+-------++-------
Melee: Unarmed           |   173 |   201 |   425 |    19 ||   818
 Fire: Hunting sling     |       |       |       |     8 ||     8
Throw: Javelin           |       |     5 |    24 |       ||    29
Invok: Bend Time         |       |       |     1 |       ||     1
       Slouch            |       |       |     1 |       ||     1
       Temporal Distorti |       |       |       |     1 ||     1
Evoke: Wand              |       |       |     5 |     2 ||     7
  Use: Potion            |     1 |     1 |     2 |     1 ||     5
       Scroll            |       |     7 |     3 |     5 ||    15
  Eat: Chunk             |     1 |     7 |     5 |       ||    13
       Fruit             |       |       |       |     2 ||     2
Armor: Scale mail        |    48 |    56 |   147 |     6 ||   257
Dodge: Dodged            |    58 |    73 |   165 |     2 ||   298
Block: Shield            |    71 |    74 |   231 |    12 ||   388
